 Dungeon Crawl Stone Soup version 0.24-a0-539-g6aae15e (webtiles) character file.

Game seed: 2610559064049413343

10415 pkoi the Covert (level 11, -3/89 HPs)
             Began as a Formicid Fighter on Aug 18, 2019.
             Was an Elder of Dithmenos.
             Slain by Snorg (12 damage)
             ... on level 9 of the Dungeon.
             The game lasted 00:14:25 (9576 turns).

pkoi the Covert (Formicid Fighter)                  Turns: 9576, Time: 00:14:26

Health: -3/89      AC: 12    Str: 27    XL:     11   Next: 92%
Magic:  11/11      EV: 10    Int:  8    God:    Dithmenos [****..]
Gold:   345        SH: 12    Dex: 11    Spells: 10/10 levels left

rFire    . . .     SeeInvis +   a - +3 scimitar (slice)
rCold    + . .     Gourm    .   c - +0 shield
rNeg     . . .     Faith    .   s - +3 scale mail {rPois}
rPois    +         Spirit   .   (helmet unavailable)
rElec    .         Reflect  .   (no cloak)
rCorr    .         Harm     .   r - +0 pair of gloves
MR       ++...                  (no boots)
Stlth    ++++......             (no amulet)
HPRegen  0.24/turn              e - ring of Agnosticism {rC+ MR+ Str+3 Dex+4}
MPRegen  0.12/turn              i - -3 ring of dexterity (curse)

@: wreathed by umbra, lightly drained
A: permanent stasis, dig shafts and tunnels, four strong arms, antennae 3
a: Dig, Shaft Self, Shadow Step, Renounce Religion


You were on level 9 of the Dungeon.
You worshipped Dithmenos.
Dithmenos was greatly pleased with you.
You were not hungry.

You visited 2 branches of the dungeon, and saw 11 of its levels.
You also visited: Bailey.

You collected 345 gold pieces.

Inventory:

Hand Weapons
 a - a +3 scimitar of slicing (weapon)
 b - the +8 fustibalus of Infinity {velocity, +Blink rC+}
   (You took it off an orc warrior in a bailey)

   Any stone fired from it inflicts extra damage.
   It protects you from cold.
   It lets you blink.
 m - a +0 long sword of flaming
Missiles
 x - 78 sling bullets
Armour
 c - a +0 shield (worn)
 r - a +0 pair of gloves (worn)
 s - a +3 scale mail of poison resistance (worn)
Jewellery
 e - the ring of Agnosticism (left hand) {rC+ MR+ Str+3 Dex+4}
   (You found it on level 5 of the Dungeon)

   [ring of protection from cold]

   It affects your strength (+3).
   It affects your dexterity (+4).
   It protects you from cold.
   It affects your resistance to hostile enchantments.
 i - a cursed -3 ring of dexterity (right hand)
 l - an uncursed ring of stealth
Wands
 k - a wand of acid (14)
 o - a wand of iceblast (10)
 w - a wand of flame (20)
Scrolls
 g - 5 scrolls of identify
 n - 3 scrolls of enchant weapon
 t - a scroll of amnesia
 y - 2 scrolls of fog
Potions
 d - a potion of might
 h - 8 potions of curing
 j - a potion of brilliance
 p - 2 potions of heal wounds
 q - 3 potions of flight
 u - a potion of cancellation
 A - 2 potions of berserk rage {unknown}
 B - a potion of invisibility {unknown}
Miscellaneous
 v - a sack of spiders
Comestibles
 f - 17 rations


   Skills:
 + Level 9.2(9.1) Fighting
 + Level 8.7(8.6) Long Blades
 + Level 4.5(4.4) Slings
 + Level 9.3(9.2) Armour
 + Level 10.2 Stealth
 - Level 9.2(9.1) Shields


You had 10 spell levels left.
You didn't know any spells.
Your spell library contained the following spells:

 Spells                   Type           Power        Failure   Level  Hunger
 Animate Skeleton         Necr           N/A          65%         1    ##.....
 Confusing Touch          Hex            #.....       65%         1    ##.....
 Corona                   Hex            #......      65%         1    ##.....
 Pain                     Necr           #...         65%         1    ##.....
 Ensorcelled Hibernation  Hex/Ice        #.....       78%         2    ###....
 Confuse                  Hex            #.......     95%         3    ####...
 Dazzling Spray           Conj/Hex       #.....       95%         3    ####...
 Gell's Gravitas          Tloc           #.........   95%         3    ####...
 Regeneration             Chrm/Necr      #.........   95%         3    ####...
 Tukima's Dance           Hex            #.......     95%         3    ####...
 Vampiric Draining        Necr           #.........   95%         3    ####...
 Animate Dead             Necr           N/A          100%        4    #####..
 Petrify                  Tmut/Erth      #.......     100%        4    #####..
 Metabolic Englaciation   Hex/Ice        #.........   100%        5    ######.
 Yara's Violent Unravell  Hex/Tmut       #.........   100%        5    ######.


Dungeon Overview and Level Annotations

Branches:
Dungeon (10/15)            Temple (1/1) D:5
   Lair: D:8-11         Orc: D:9-12

Altars:
Ashenzari
Cheibriados
Dithmenos
Elyvilon
Fedhas
Gozag
Hepliaklqana
Kikubaaqudgha
Makhleb
Nemelex Xobeh
Okawaru
Qazlal
Ru
Sif Muna
Trog
Uskayaw
Vehumet
Wu Jian
Xom
Yredelemnul
Zin
The Shining One

Annotations:
D:3 Sigmund
D:9 1 runed translucent door, Snorg


Innate Abilities, Weirdness & Mutations

You cannot be hasted, slowed, berserked, paralysed or teleported.
You can dig through walls and to a lower floor.
Your four strong arms can wield two-handed weapons with a shield.
You have a pair of large antennae on your head. (SInv)


Message History

You can't shaft yourself on this terrain.
There are monsters nearby!
Unknown command.
Okay, then.
Unknown command.
Snorg barely misses you. You block Snorg's attack. Snorg claws you!
* * * LOW HITPOINT WARNING * * *
Things that are here:
a +0 robe; a +2 dagger of electrocution Are you sure you want to shaft yourself?
You feel quite a bit more hungry. You block Snorg's attack.
Snorg barely misses you. Snorg closely misses you.
The wraith hits you but does no damage.
You begin to dig a shaft.
You continue digging a shaft.
Snorg bites you!
* * * LOW HITPOINT WARNING * * *
You block Snorg's attack. Snorg misses you. The wraith barely misses you.
You riposte.
You closely miss the wraith. You block Snorg's attack.
Snorg closely misses you. Snorg claws you!
You die...

###################..##..##....#.
####....'(..^#.
###################.##....##.)##.
#...................###..#######.
#.......>.............####.......
#.......(............## ########
#....................#
#...................<#
#..............T@[...############
#..............W......?..........
#.........>......................
#......................?.........
#.##################..###########
#.# #..# #.# #..# #.# #..# #.#
#..#


You could see Snorg (berserk) and a wraith.

Vanquished Creatures
  Gastronok (D:8)
  Harold (D:7)
  A hydra (D:8)
  2 orc knights (Bailey)
  Pikel (D:9)
  Psyche (D:8)
  A troll (D:9)
  2 dream sheep (D:8)
  4 hippogriffs
  A hungry ghost (D:9)
  2 yaks (D:8)
  Menkaure (D:7)
  Duvessa (D:7)
  2 slaves (D:9)
  6 orc warriors
  A black bear (D:6)
  2 centaurs
  3 ogres
  6 big kobolds
  Blork the orc (D:4)
  3 bullfrogs
  Dowan (D:7)
  A wyvern skeleton (D:9)
  4 scorpions
  10 wights
  A crimson imp (D:6)
  3 hounds
  3 jellies
  2 orc priests (D:5)
  A gnoll shaman (D:8)
  16 orc wizards
  Natasha (thrice) (D:3)
  2 iguanas
  10 worker ants
  A hound zombie (D:9)
  2 worker ant zombies
  4 gnolls
  A howler monkey skeleton (D:5)
  8 adders
  A shadow imp (D:7)
  2 oozes
  2 adder zombies
  3 dart slugs
  3 leopard geckos
  28 orcs
  3 giant cockroaches
  8 goblins
  9 hobgoblins
  6 jackals
  33 kobolds
  3 quokkas
  A ball python (D:2)
  6 bats
  9 frilled lizards
  A jackal zombie (D:5)
  4 rats
238 creatures vanquished.

Notes
Turn   | Place    | Note
-------+----------+-------------------------------------------
     0 | D:1      | pkoi the Formicid Fighter began the quest for the Orb.
     0 | D:1      | Reached XP level 1. HP: 18/18 MP: 1/1
   130 | D:1      | Reached XP level 2. HP: 16/24 MP: 2/2
   518 | D:1      | Reached XP level 3. HP: 27/29 MP: 3/3
   880 | D:2      | Found a hazy altar of Hepliaklqana.
  1010 | D:2      | Found a basalt altar of Yredelemnul.
  1010 | D:2      | Found a shadowy altar of Dithmenos.
  1014 | D:2      | Found a shattered altar of Ashenzari.
  1018 | D:2      | Became a worshipper of Dithmenos the Shadowed
  1288 | D:2      | Reached XP level 4. HP: 35/35 MP: 4/4
  1523 | D:3      | Noticed Natasha
  1535 | D:3      | Reached skill level 1 in Stealth
  1546 | D:3      | Killed Natasha
  1559 | D:3      | Noticed Natasha
  1900 | D:3      | Killed Natasha
  1900 | D:3      | Reached XP level 5. HP: 32/41 MP: 5/5
  1997 | D:3      | Noticed Natasha
  2014 | D:3      | Killed Natasha
  2014 | D:3      | Reached skill level 2 in Stealth
  2231 | D:3      | Reached * piety under Dithmenos
  2409 | D:3      | Reached XP level 6. HP: 26/48 MP: 6/6
  2575 | D:3      | Noticed Sigmund
  2822 | D:4      | Noticed Blork the orc
  2839 | D:4      | Killed Blork the orc
  2959 | D:4      | Reached skill level 3 in Stealth
  3018 | D:4      | Reached XP level 7. HP: 52/54 MP: 7/7
  3314 | D:5      | Entered Level 5 of the Dungeon
  3328 | D:5      | Got a coiled golden ring
  3339 | D:5      | Reached skill level 5 in Shields
  3443 | D:5      | Identified the ring of Agnosticism {rC+ MR+ Str+3 Dex+4}
                  | (You found it on level 5 of the Dungeon)
  3457 | D:5      | Found a staircase to the Ecumenical Temple.
  3493 | Temple   | Entered the Ecumenical Temple
  3663 | D:5      | Reached skill level 4 in Stealth
  3775 | D:5      | Reached skill level 5 in Long Blades
  3775 | D:5      | Reached skill level 5 in Armour
  3775 | D:5      | Reached XP level 8. HP: 61/61 MP: 8/8
  4203 | D:5      | Reached ** piety under Dithmenos
  4203 | D:5      | Reached skill level 5 in Fighting
  4582 | D:6      | Reached skill level 5 in Stealth
  4985 | D:7      | Noticed Menkaure
  4992 | D:7      | Reached XP level 9. HP: 69/69 MP: 9/9
  5027 | D:7      | Killed Menkaure
  5055 | D:7      | Reached skill level 6 in Stealth
  5131 | D:7      | Noticed Harold
  5155 | D:7      | Killed Harold
  5395 | D:7      | Found a flagged portal.
  5400 | Bailey   | Entered a bailey
  5459 | Bailey   | Noticed an orc knight
  5461 | Bailey   | Noticed an orc knight
  5514 | Bailey   | Reached skill level 7 in Stealth
  5714 | Bailey   | Identified the +8 fustibalus of Infinity {velocity, +Blink
                  | rC+}
  5718 | Bailey   | Reached XP level 10. HP: 52/79 MP: 10/10
  5873 | Bailey   | Killed an orc knight
  5901 | Bailey   | Killed an orc knight
  5901 | Bailey   | Reached skill level 8 in Stealth
  6074 | D:7      | Noticed Duvessa
  6076 | D:7      | Killed Duvessa
  6077 | D:7      | Noticed Dowan
  6088 | D:7      | Killed Dowan
  6552 | D:8      | Reached *** piety under Dithmenos
  7080 | D:8      | Noticed Psyche
  7089 | D:8      | Killed Psyche
  7418 | D:8      | Reached skill level 1 in Slings
  7542 | D:8      | Noticed Gastronok
  7570 | D:8      | Killed Gastronok
  7570 | D:8      | Reached skill level 9 in Stealth
  7570 | D:8      | Reached XP level 11. HP: 25/87 MP: 11/11
  7919 | D:8      | Noticed a three-headed hydra
  7928 | D:8      | Killed a one-headed hydra
  8625 | D:9      | Reached skill level 10 in Stealth
  8651 | D:9      | Reached **** piety under Dithmenos
  8673 | D:9      | Found a glowing silver altar of Zin.
  8673 | D:9      | Found a runed translucent door.
  8673 | D:9      | Noticed an angel
  8701 | D:9      | Noticed Pikel
  8721 | D:9      | Killed Pikel
  9295 | D:10     | Entered Level 10 of the Dungeon
  9295 | D:10     | Noticed Snorg
  9576 | D:9      | Slain by Snorg

Levels and vault maps discovered:
D:1:      lemuel_arrival_muddy, layout_loops_cross, minmay_misc_feat_iff,
          minmay_misc_feat_chi
D:2:      layout_loops_ring, grunt_temple_overflow_open, minmay_fountain_box
D:3:      layout_basic, uniq_sigmund, uniq_natasha
D:4:      layout_loops_cross, first_ration, uniq_blork_the_orc
D:5:      layout_loops_ring, minmay_temple_entry_mist
D:6:      layout_basic
D:7:      layout_loops_ring, enter_bailey_2, uniq_menkaure, uniq_harold,
          uniq_duvessa
D:8:      layout_loops_ring, hangedman_ranch [blue_anna_fruit_fields],
          chequers_garden, uniq_gastronok, uniq_psyche
D:9:      minmay_bubble_buster, layout_long_grid, lemuel_angel_altar, uniq_pikel
D:10:     layout_basic, david_lair_shrubbed, erik_orc_2, uniq_erica,
          uniq_josephine, uniq_snorg
Temple:   compressed_dpeg_circular_temple

Skill      XL: |  1  2  3  4  5  6  7  8  9 10 11 |
---------------+----------------------------------+-----
Long Blades    | 3 4 5 6 8 |  8.7
Stealth        | 1 2 3 4 5 7 9 10 | 10.2
Shields        | 4 5 6 7 9 |  9.2
Armour         | 4 5 7 8 9 |  9.3
Fighting       | 4 5 7 8 9 |  9.2
Slings         | 2 4 |  4.5

Action                   |  1- 3 |  4- 6 |  7- 9 | 10-12 || total
-------------------------+-------+-------+-------+-------++-------
Melee: Long sword        |   143 |   141 |       |    12 ||   296
       Unarmed           |       |     4 |       |       ||     4
       Scimitar          |       |    23 |   231 |   269 ||   523
Invok: Shadow Step       |       |       |     1 |       ||     1
 Abil: Dig               |       |     1 |     1 |     2 ||     4
       Shaft Self        |       |       |       |     1 ||     1
Evoke: Wand              |       |       |     2 |       ||     2
       Sack of spiders   |       |       |     2 |       ||     2
  Use: Potion            |       |     1 |     6 |     1 ||     8
       Scroll            |       |       |    10 |     2 ||    12
 Stab: Sleeping          |       |       |       |     8 ||     8
  Eat: Chunk             |     2 |     5 |     8 |     9 ||    24
       Ration            |       |       |     1 |     1 ||     2
Armor: Scale mail        |    13 |       |       |    68 ||    81
       Plate armour      |    67 |    88 |   143 |     6 ||   304
       Skin              |       |    22 |     1 |       ||    23
Dodge: Dodged            |    28 |    35 |    91 |   102 ||   256
Block: Shield            |    84 |    77 |   194 |   147 ||   502
       Rpst.: Long sword |     9 |     6 |       |     1 ||    16
       Scimitar          |       |     3 |    18 |    29 ||    50

Table legend:
 A = Non-vault XP
 B = Vault XP
 C = Vault XP percentage of total XP
 D = Non-vault monster count
 E = Vault monster count
 F = Vault count percentage of total count
                 A         B        C        D         E       F
            +---------+---------+-------+---------+---------+-------
      Total |    4912 |    9967 |  67.0 |     185 |      51 |  21.6
            +---------+---------+-------+---------+---------+-------
        D:1 |      35 |       0 |   0.0 |      21 |       0 |   0.0
        D:2 |      38 |       0 |   0.0 |      23 |       0 |   0.0
        D:3 |     191 |      37 |  16.2 |      20 |       1 |   4.8
        D:4 |     234 |      94 |  28.7 |       9 |       1 |  10.0
        D:5 |     805 |       0 |   0.0 |      32 |       0 |   0.0
        D:6 |     520 |       0 |   0.0 |      13 |       0 |   0.0
        D:7 |     593 |    1416 |  70.5 |      11 |       4 |  26.7
        D:8 |     577 |    4892 |  89.4 |      29 |      10 |  25.6
        D:9 |    1846 |    1527 |  45.3 |      25 |      10 |  28.6
       D:10 |      73 |       0 |   0.0 |       2 |       0 |   0.0
     Bailey |       0 |    2001 | 100.0 |       0 |      25 | 100.0
            +---------+---------+-------+---------+---------+-------
